 Dungeon Crawl Stone Soup version 0.18.1-5-g4a78601 (webtiles) character file.

6461 Gingerlord the Blocker (level 10, -4/90 HPs)
             Began as a Minotaur Fighter on May 11, 2016.
             Was an Elder of Okawaru.
             Slain by an orc warrior
             ... wielding a +0 glaive
              (14 damage)
             ... on level 9 of the Dungeon.
             The game lasted 00:13:39 (7415 turns).

Gingerlord the Blocker (Minotaur Fighter)           Turns: 7415, Time: 00:13:39

Health: -4/90      AC: 19    Str: 21    XL:     10   Next: 68%
Magic:  11/13      EV: 12    Int:  5    God:    Okawaru [****..]
Gold:   528        SH: 13    Dex: 13    Spells: 0 memorised, 9 levels left

rFire  + . .     SeeInvis .     C - +1 war axe
rCold  . . .     Gourm    .     u - +0 plate armour
rNeg   . . .     Faith    .     c - +0 shield
rPois  .         Spirit   .     K - +2 hat
rElec  .         Dismiss  .     p - +0 cloak
rCorr  .         Reflect  .     (no gloves)
SustAt .         Harm     .     (no boots)
MR     .....                    (no amulet)
Stlth  ..........               z - ring of protection from fire
                                m - ring of stealth

@: heroism, not resistant to hostile enchantments, extremely unstealthy
A: retaliatory headbutt, horns 2
a: Heroism, Renounce Religion


You were on level 9 of the Dungeon.
You worshipped Okawaru.
Okawaru was greatly pleased with you.
You were not hungry.

You visited 1 branch of the dungeon, and saw 9 of its levels.

You collected 528 gold pieces.

Inventory:

Hand Weapons
 C - a +1 war axe (weapon)
Armour
 c - a +0 shield (worn)
 e - a cursed +0 large shield
 p - a +0 cloak (worn)
 u - a +0 plate armour (worn)
 K - a +2 hat (worn)
Jewellery
 m - a ring of stealth (left hand)
 z - a ring of protection from fire (right hand)
Wands
 y - a wand of iceblast (5/15)
Scrolls
 b - 2 scrolls of fog {unknown}
 g - 3 scrolls of immolation
 h - a scroll of enchant weapon {unknown}
 j - 2 scrolls of magic mapping {unknown}
 n - 2 scrolls of recharging {unknown}
 o - 3 scrolls of teleportation
 q - 3 scrolls of noise {unknown}
 r - 2 scrolls of enchant armour {unknown}
 t - 3 scrolls of fear {unknown}
 v - 2 scrolls of amnesia {unknown}
 F - a scroll of remove curse {unknown}
Potions
 a - 2 potions of agility
 d - 3 potions of might
 i - a potion of invisibility {unknown}
 k - a potion of flight
 w - a potion of heal wounds {unknown}
 A - a potion of haste
 B - a potion of mutation
 D - a potion of degeneration {unknown}
 E - a potion of lignification {unknown}
 I - a potion of curing
 J - a potion of cancellation {unknown}
Comestibles
 f - 9 bread rations
 l - 7 fruits
 s - 2 meat rations
 G - 8 slices of pizza


   Skills:
 + Level 8.9(13.9) Fighting
 + Level 8.2(13.2) Axes
 + Level 8.9(13.9) Armour
 + Level 7.7(12.7) Dodging
 + Level 9.0(14.0) Shields
 + Level 5.8 Invocations


You had 9 spell levels left.
You didn't know any spells.

Dungeon Overview and Level Annotations

Branches:
Dungeon (9/15)             Temple (0/1) D:4
   Lair: D:8-11         Orc: D:9-12

Altars:
Dithmenos
Makhleb
Nemelex Xobeh
Okawaru
Pakellas
Qazlal
Sif Muna
Vehumet
Yredelemnul
Zin
The Shining One

Shops:
D:7 :

Annotations:
D:8 exclusion: ice statue


Innate Abilities, Weirdness & Mutations

You reflexively headbutt those who attack you in melee.
You have a pair of horns on your head.


Message History

You slash the orc warrior!
The orc warrior is heavily wounded.
The orc hits you but does no damage. The orc warrior hits you with a glaive.
* * * LOW HITPOINT WARNING * * *
Unknown command.
Drink which item? (? for menu, Esc to quit)
Okay, then.
You gain the combat prowess of a mighty hero.
You feel slightly more hungry. The orc barely misses you.
The orc priest invokes the aid of Beogh against you.
Beogh smites you!
* * * LOW HITPOINT WARNING * * *
The orc warrior hits you but does no damage.
The orc priest mumbles some strange prayers to Beogh against you.
Beogh smites you!
* * * LOW HITPOINT WARNING * * *
Drink which item? (? for menu, Esc to quit)
You feel better.
The orc warrior hits you from afar with a glaive!
You die...

..o...>..#
.........#
.........#
....$..o.#
########o# #o#
#.#
#o#############
#..@........#..
###########.#.#
#.#.# #.#
#.#.####.#
#####......#.#
.........##.#.#
###########.#.#
#.#.# ##.#.#


You could see an orc warrior.

Vanquished Creatures
  Gastronok (D:9)
  Prince Ribbit (D:8)
  A human (D:8)
  2 hippogriffs
  5 phantoms
  2 black bears
  3 orc warriors
  3 ice beasts
  6 ogres
  5 centaurs
  A big kobold (D:9)
  3 giant frogs
  A wyvern skeleton (D:9)
  4 scorpions
  A water moccasin skeleton (D:8)
  5 killer bees (D:7)
  3 wights (D:6)
  A howler monkey (D:4)
  2 crimson imps
  4 hounds
  A quasit (D:7)
  2 orc priests
  A jelly (D:5)
  9 orc wizards
  4 centaur skeletons
  4 iguanas
  5 worker ants
  A hound zombie (D:6)
  A hound skeleton (D:6)
  A worker ant zombie (D:8)
  6 gnolls
  9 adders
  2 shadow imps
  An ooze (D:2)
  An adder zombie (D:7)
  3 adder skeletons
  3 worms
  3 dart slugs
  6 giant geckos
  30 orcs
  7 bats
  5 giant cockroaches
  9 hobgoblins
  7 jackals
  13 kobolds
  6 quokkas
  2 ball pythons
  2 giant gecko skeletons
  5 giant newts
  5 goblins
  A jackal skeleton (D:4)
  A quokka zombie (D:6)
  9 rats
219 creatures vanquished.

Vanquished Creatures (others)
  An orange crystal statue (D:8)
1 creature vanquished.

Grand Total: 220 creatures vanquished

Notes
Turn   | Place    | Note
--------------------------------------------------------------
     0 | D:1      | Gingerlord the Minotaur Fighter began the quest for the Orb.
     0 | D:1      | Reached XP level 1. HP: 19/19 MP: 0/0
   213 | D:1      | Reached XP level 2. HP: 27/27 MP: 1/1
   237 | D:1      | Reached skill level 1 in Dodging
   533 | D:1      | Reached skill level 4 in Shields
   547 | D:1      | Reached XP level 3. HP: 33/33 MP: 2/2
   731 | D:2      | Found a stormy altar of Qazlal.
  1260 | D:3      | Reached XP level 4. HP: 31/41 MP: 3/3
  1468 | D:3      | Found a burning altar of Makhleb.
  1559 | D:3      | Reached XP level 5. HP: 46/47 MP: 4/4
  2081 | D:4      | Found a deep blue altar of Sif Muna.
  2081 | D:4      | Found a sparkling altar of Nemelex Xobeh.
  2084 | D:4      | Reached skill level 5 in Fighting
  2086 | D:4      | Found an iron altar of Okawaru.
  2094 | D:4      | Became a worshipper of Warmaster Okawaru
  2177 | D:4      | Reached XP level 6. HP: 49/56 MP: 5/5
  2204 | D:4      | Reached skill level 5 in Shields
  2232 | D:4      | Found a staircase to the Ecumenical Temple.
  2250 | D:4      | Reached skill level 5 in Armour
  2588 | D:4      | Reached skill level 1 in Invocations
  2588 | D:4      | Reached XP level 7. HP: 27/62 MP: 6/6
  2890 | D:4      | Found a shadowy altar of Dithmenos.
  3139 | D:5      | Entered Level 5 of the Dungeon
  3169 | D:5      | Reached * piety under Okawaru
  3253 | D:5      | Reached XP level 8. HP: 64/70 MP: 8/8
  3331 | D:5      | Found a basalt altar of Yredelemnul.
  3331 | D:5      | Found a radiant altar of Vehumet.
  3414 | D:5      | Reached skill level 5 in Axes
  3437 | D:5      | Reached skill level 6 in Shields
  3693 | D:6      | Reached skill level 5 in Dodging
  3972 | D:6      | Reached ** piety under Okawaru
  4138 | D:6      | Reached XP level 9. HP: 70/79 MP: 10/10
  4152 | D:6      | Reached skill level 7 in Shields
  4893 | D:7      | Reached *** piety under Okawaru
  5140 | D:7      | Found Gevaec's Book Emporium.
  5204 | D:7      | Found a glowing golden altar of the Shining One.
  5812 | D:7      | Found a glowing silver altar of Zin.
  5821 | D:7      | Reached skill level 8 in Shields
  6168 | D:8      | Noticed Prince Ribbit
  6208 | D:8      | Reached **** piety under Okawaru
  6208 | D:8      | Reached XP level 10. HP: 35/88 MP: 12/12
  6220 | D:8      | Killed Prince Ribbit
  6675 | D:8      | Found an oddly glowing altar of Pakellas.
  6675 | D:8      | Noticed an orange crystal statue
  6676 | D:8      | Noticed a seven-headed hydra
  6683 | D:8      | Killed an orange crystal statue
  6717 | D:8      | Noticed an ice statue
  6724 | D:8      | Reached skill level 5 in Invocations
  6943 | D:9      | Noticed Gastronok
  6973 | D:9      | Killed Gastronok
  7206 | D:9      | Reached skill level 9 in Shields
  7411 | D:9      | HP: 1/90 [orc priest/divine providence (9)]
  7415 | D:9      | Slain by an orc warrior

Skill      XL: |  1  2  3  4  5  6  7  8  9 10 |
---------------+-------------------------------+-----
Fighting       | 4 5 6 7 8 |  8.9
Dodging        | 1 2 3 4 5 6 7 |  7.7
Shields        | 4 5 6 8 9 |  9.0
Armour         | 4 5 6 8 |  8.9
Axes           | 3 4 6 7 8 |  8.2
Invocations    | 1 2 3 4 5 |  5.8

Action                   |  1- 3 |  4- 6 |  7- 9 | 10-12 || total
-------------------------+-------+-------+-------+-------++-------
Melee: War axe           |    94 |   124 |   374 |   122 ||   714
       Headbutt          |    12 |    21 |    74 |    32 ||   139
Invok: Heroism           |       |       |     1 |     3 ||     4
  Use: Scroll            |       |       |     7 |       ||     7
       Potion            |       |       |     4 |     2 ||     6
  Eat: Chunk             |       |     4 |    12 |     3 ||    19
       Royal jelly       |       |     1 |       |       ||     1
       Beef jerky        |       |       |       |     1 ||     1
Armor: Scale mail        |    27 |       |       |       ||    27
       Chain mail        |     3 |    60 |       |       ||    63
       Plate armour      |       |       |   210 |    48 ||   258
Dodge: Dodged            |    35 |    43 |   102 |    26 ||   206
Block: Shield            |    47 |    75 |   243 |    66 ||   431
